[Event "Titled Tuesday Blitz February 07 Early 2023"]
[White "Devaev, Alexander"]
[Black "Szpar, Milosz"]
[WhiteFideId "4169395"]
[BlackFideId "1184989"]
[WhiteElo "2325"]
[BlackElo "2447"]
[Result "0-1"]
[Round "05"]
[TimeControl "180+2"]
[Date "2023.02.07"]
[WhiteClock "0:00:02"]
[BlackClock "0:00:44"]

1. d4 Nf6 2. c4 c5 3. d5 e6 4. Nc3 exd5 5. cxd5 d6 6. e4 g6 7. Nf3 a6 8. h3 b5 9. Qc2 Bg7 10. a4 b4 11. Nb1 O-O 12. Bd3 Re8 13. O-O Nbd7 14. Bf4 c4 15. Qxc4 Nc5 16. Nbd2 a5 17. Qc2 Nxd3 18. Qxd3 Ba6 19. Qb1 Bxf1 20. Kxf1 Rc8 21. Be3 Qe7 22. Bg5 h6 23. Bxf6 Qxf6 24. Ra2 Rc7 25. g3 Rec8 26. Kg2 Rc2 27. Qd1 Rxb2 28. e5 dxe5 29. Rxb2 e4 30. Rb3 exf3+ 31. Nxf3 Qd6 32. Rd3 Rc3 33. Qd2 Bf6 34. h4 h5 35. Qe2 Qd7 36. Qe4 Rxd3 37. Qxd3 Qxa4 38. d6 Qd7 39. Qd5 b3 40. Qxb3 Qxd6 41. Qb7 Kg7 42. Qa8 Qb4 43. Kg1 a4 0-1


[Site "https://www.chess.com"]

[Event "Titled Tuesday Blitz February 07 Early 2023"]
[White "Zacurdajev, Dmitry"]
[Black "Bilych, Olexiy"]
[WhiteFideId "4196309"]
[BlackFideId "14156504"]
[WhiteElo "2273"]
[BlackElo "2441"]
[Result "0-1"]
[Round "05"]
[TimeControl "180+2"]
[Date "2023.02.07"]
[WhiteClock "0:00:06"]
[BlackClock "0:00:40"]

1. d4 d5 2. c4 c6 3. Nc3 Nf6 4. Nf3 e6 5. Bg5 dxc4 6. e4 b5 7. e5 h6 8. Bh4 g5 9. Nxg5 hxg5 10. Bxg5 Nbd7 11. g3 Bb7 12. Bg2 Qb6 13. exf6 O-O-O 14. O-O c5 15. d5 b4 16. Na4 Qb5 17. a3 Nb8 18. axb4 cxb4 19. h4 Bxd5 20. Qe2 Nc6 21. Rfd1 Bd6 22. b3 Be5 23. Rac1 Bxg2 24. Rxd8+ Rxd8 25. Kxg2 Qd5+ 26. Kg1 c3 27. Qa6+ Kc7 28. Be3 Bd4 29. Rd1 Kb8 30. Bf4+ e5 31. Bg5 Rd6 32. Rc1 Qxb3 33. Qb5+ Kc7 34. Nc5 Bxc5 35. Qxc5 Rd1+ 36. Rxd1 Qxd1+ 37. Kg2 Qd4 38. Qb5 a6 39. Be3 axb5 0-1


[Site "https://www.chess.com"]

[Event "Titled Tuesday Blitz February 07 Early 2023"]
[White "Lianes Garcia, Marcos"]
[Black "Cepo, Toni"]
[WhiteFideId "32060777"]
[BlackFideId "4675916"]
[WhiteElo "2411"]
[BlackElo "2145"]
[Result "1-0"]
[Round "05"]
[TimeControl "180+2"]
[Date "2023.02.07"]
[WhiteClock "0:00:12"]
[BlackClock "0:00:17"]

1. e4 e5 2. g3 Nf6 3. Bg2 d5 4. exd5 Nxd5 5. Ne2 Nc6 6. d4 exd4 7. Nxd4 Nxd4 8. Qxd4 Be6 9. O-O c6 10. c3 Qb6 11. Qxb6 Nxb6 12. Nd2 O-O-O 13. Ne4 Bd5 14. Ng5 Bxg2 15. Kxg2 Rd7 16. Be3 h6 17. Bxb6 axb6 18. Nf3 Bd6 19. Rfe1 Rdd8 20. Rad1 Kc7 21. Nd4 g6 22. h4 Rde8 23. Kf3 Bc5 24. Nb3 Bd6 25. a4 Ra8 26. Ra1 Rhe8 27. Rxe8 Rxe8 28. a5 bxa5 29. Rxa5 Re5 30. Ra2 Rf5+ 31. Ke2 Re5+ 32. Kf1 Bc5 33. Nxc5 Rxc5 34. Ra4 Rb5 35. b4 Rd5 36. Ke2 Re5+ 37. Kd3 Rd5+ 38. Ke4 Rd2 39. f3 Re2+ 40. Kd3 Rg2 41. g4 Rh2 42. Ra8 Rxh4 43. Rf8 f5 44. gxf5 gxf5 45. Rxf5 b5 46. f4 Kd6 47. Ke4 Rh1 48. Rf6+ Kd7 49. Ke5 Re1+ 50. Kd4 Rd1+ 51. Kc5 Rc1 52. Rd6+ Ke7 53. Rxc6 Rxc3+ 54. Kxb5 Rf3 55. Rxh6 Rxf4 56. Rc6 Kd7 57. Rc1 Kd6 58. Ka5 Rf3 59. b5 Ra3+ 60. Kb6 Rb3 61. Rd1+ Ke5 62. Kc6 Rc3+ 63. Kb7 Rb3 64. b6 Ke6 65. Kc7 Ke7 66. b7 Rc3+ 67. Kb8 Rb3 68. Ra1 Kd7 69. Ka7 Kc6 70. Rc1+ Kd7 71. b8=Q Ra3+ 72. Kb7 Rb3+ 73. Ka8 Ra3+ 74. Qa7+ 1-0


[Site "https://www.chess.com"]

[Event "Titled Tuesday Blitz February 07 Early 2023"]
[White "Levitan, Caleb Levi"]
[Black "Kollars, Dmitrij"]
[WhiteFideId "14332620"]
[BlackFideId "12909572"]
[WhiteElo "2129"]
[BlackElo "2607"]
[Result "0-1"]
[Round "05"]
[TimeControl "180+2"]
[Date "2023.02.07"]
[WhiteClock "0:00:19"]
[BlackClock "0:02:05"]

1. e4 c5 2. Nf3 d6 3. d4 cxd4 4. Nxd4 Nf6 5. Nc3 Nc6 6. Bc4 e6 7. Bb3 Bd7 8. Be3 Na5 9. O-O a6 10. h3 Qc7 11. f4 Nc4 12. Bxc4 Qxc4 13. Qd3 Rc8 14. Rad1 Qxd3 15. Rxd3 Be7 16. f5 e5 17. Nde2 Bc6 18. Ng3 b5 19. Bg5 b4 20. Bxf6 gxf6 21. Nce2 h5 22. Rfd1 h4 23. Nf1 Bxe4 24. R3d2 d5 25. c3 Rg8 26. Ne3 Bc5 27. Kf2 Rxg2+ 28. Kf1 Bxe3 29. Rxd5 Rf2+ 30. Ke1 Rh2 0-1


[Site "https://www.chess.com"]

[Event "Titled Tuesday Blitz February 07 Early 2023"]
[White "Paravyan, David"]
[Black "Kuderinov, Kirill"]
[WhiteFideId "4194985"]
[BlackFideId "13701568"]
[WhiteElo "2601"]
[BlackElo "2404"]
[Result "1-0"]
[Round "05"]
[TimeControl "180+2"]
[Date "2023.02.07"]
[WhiteClock "0:00:03"]
[BlackClock "0:00:03"]

1. e4 c5 2. Nf3 Nc6 3. Nc3 g6 4. d4 cxd4 5. Nxd4 Bg7 6. Be3 Nf6 7. Bc4 O-O 8. Bb3 e6 9. O-O b6 10. Nxc6 dxc6 11. h3 Ba6 12. Re1 Qxd1 13. Raxd1 Rfd8 14. a4 c5 15. Ba2 Ne8 16. f3 Nd6 17. Bg5 Bd4+ 18. Kh2 Rd7 19. Bh4 Nc4 20. Bxc4 Bxc4 21. Nb5 Bxb5 22. axb5 g5 23. Bg3 Rad8 24. Rb1 c4 25. c3 Bc5 26. Be5 Rd2 27. Rf1 R8d3 28. h4 h6 29. h5 Be7 30. Ra1 Rd7 31. Ra4 f6 32. Bg3 Rxb2 33. Rxc4 Rdd2 34. Kh3 Bc5 35. f4 Rd3 36. fxg5 hxg5 37. Rf3 Rxf3 38. gxf3 f5 39. exf5 exf5 40. Ra4 Rxb5 41. Rxa7 Rb3 42. Be5 Rb1 43. Kg2 Rb2+ 44. Kf1 Rf2+ 45. Ke1 Rxf3 46. Bf6 Re3+ 47. Kd2 Rh3 48. Bxg5 Rxh5 49. Bf4 Rh3 50. Be5 Kf8 51. Rc7 Ke8 52. Rg7 Rf3 53. Bd4 Bd6 54. Rg6 Bf4+ 55. Kc2 b5 56. Kb3 Bd2 57. Rb6 b4 58. Rxb4 Rd3 59. Kc2 Bxc3 60. Rb8+ 1-0


[Site "https://www.chess.com"]

[Event "Titled Tuesday Blitz February 07 Early 2023"]
[White "Mathieu, Phileas"]
[Black "Bok, Benjamin"]
[WhiteFideId "36048410"]
[BlackFideId "1017063"]
[WhiteElo "2374"]
[BlackElo "2607"]
[Result "0-1"]
[Round "05"]
[TimeControl "180+2"]
[Date "2023.02.07"]
[WhiteClock "0:00:34"]
[BlackClock "0:00:57"]

1. Nf3 d5 2. g3 c6 3. Bg2 Bg4 4. O-O Nd7 5. d4 e6 6. Nbd2 Ngf6 7. Re1 Be7 8. e4 h6 9. e5 Nh7 10. h3 Bh5 11. c4 O-O 12. g4 Bg6 13. b3 Ng5 14. Nxg5 Bxg5 15. cxd5 cxd5 16. Nf3 Bxc1 17. Rxc1 Qa5 18. Qd2 Qxd2 19. Nxd2 Rac8 20. f4 Nb8 21. Kf2 Nc6 22. Ke3 Nb4 23. Rf1 Nc2+ 24. Kf2 Nxd4 25. Nf3 Nc6 26. Ke3 Be4 27. Rf2 Nb4 28. Rxc8 Rxc8 29. f5 Rc3+ 30. Kf4 Nd3+ 0-1


[Site "https://www.chess.com"]

[Event "Titled Tuesday Blitz February 07 Early 2023"]
[White "Chigaev, Maksim"]
[Black "Kalogeris, Ioannis"]
[WhiteFideId "4108116"]
[BlackFideId "4239563"]
[WhiteElo "2628"]
[BlackElo "2423"]
[Result "1-0"]
[Round "05"]
[TimeControl "180+2"]
[Date "2023.02.07"]
[WhiteClock "0:00:03"]
[BlackClock "0:00:04"]

1. e4 e5 2. Nf3 Nc6 3. Bc4 Bc5 4. c3 Nf6 5. d3 O-O 6. Bg5 h6 7. Bh4 g5 8. Bg3 d6 9. Nbd2 Bb6 10. Bb3 d5 11. Qe2 dxe4 12. dxe4 Nh5 13. h3 Nxg3 14. fxg3 Qe7 15. O-O-O Na5 16. g4 Nxb3+ 17. Nxb3 Be6 18. Kb1 Rad8 19. Nc1 f6 20. Rhf1 Qc5 21. Qc2 Rd6 22. Rxd6 cxd6 23. Rd1 Kg7 24. Ne2 a5 25. Ng3 Rd8 26. Rd5 Qf2 27. Nf5+ Kg6 28. Rd2 Qf1+ 29. Rd1 Qc4 30. Ne7+ Kf7 31. Nd5 Ba7 32. b3 Qc5 33. Nd2 Kg7 34. Nc4 a4 35. Nce3 b5 36. b4 Qc6 37. Nf5+ Bxf5 38. gxf5 Qc4 39. Qd3 Rc8 40. Qxc4 Rxc4 41. Re1 Bf2 42. Re2 Ba7 43. Kc2 h5 44. Kd3 h4 45. a3 Kf7 46. Re1 Kg7 47. Rd1 Kf7 48. Rc1 Kg7 49. Rc2 Kf7 50. Re2 Kg7 51. Ne3 Bxe3 52. Rxe3 Kf7 53. Kd2 Kg7 54. Ke2 Kf7 55. Kf3 Ke7 56. Rd3 Kd7 57. Ke3 Kc6 58. Kf3 Kd7 59. Re3 d5 60. Rd3 Kc7 61. Rxd5 Rxc3+ 62. Kg4 Rxa3 63. Rxb5 Re3 64. Kh5 Rxe4 65. Kg6 Rf4 66. Kxf6 e4 67. Kxg5 Rf2 68. f6 e3 69. Re5 e2 70. Kxh4 a3 71. f7 a2 72. Rxe2 Rxe2 73. f8=Q a1=Q 74. Qc5+ Kd8 75. Qd6+ Kc8 76. Qc6+ Kd8 77. Qb6+ Kc8 78. Qc5+ Kd8 79. Qd5+ Ke7 80. Qc5+ Kf6 81. Qf8+ Kg6 82. Qd6+ Kg7 83. Qd7+ Kg6 84. Qg4+ Kf6 85. Qxe2 Qd4+ 86. Qg4 Ke5 87. Qxd4+ Kxd4 88. g4 1-0


[Site "https://www.chess.com"]

[Event "Titled Tuesday Blitz February 07 Early 2023"]
[White "Martynov, Pavel"]
[Black "Durarbayli, Vasif"]
[WhiteFideId "4101260"]
[BlackFideId "13402935"]
[WhiteElo "2414"]
[BlackElo "2627"]
[Result "1-0"]
[Round "05"]
[TimeControl "180+2"]
[Date "2023.02.07"]
[WhiteClock "0:00:02"]
[BlackClock "0:00:01"]

1. e4 c5 2. Nf3 a6 3. Nc3 b5 4. g3 Bb7 5. Bg2 b4 6. Na4 Qa5 7. b3 Bxe4 8. d4 cxd4 9. Qxd4 Nf6 10. O-O Nc6 11. Qe3 e6 12. Bb2 Bd5 13. Rad1 Be7 14. Bxf6 gxf6 15. Rxd5 Qxd5 16. Nb6 Bc5 17. Nxd5 Bxe3 18. Nxe3 Rc8 19. Rd1 Ke7 20. Nd4 d5 21. Nxc6+ Rxc6 22. Rd4 a5 23. a3 Rb8 24. h3 f5 25. axb4 axb4 26. Kf1 Ra6 27. Ke2 Ra2 28. Rh4 Rc8 29. Kd2 Kf6 30. Rxb4 Ke5 31. f4+ Kf6 32. Rb6 Kg7 33. Rd6 Ra1 34. Bf1 Rb1 35. Bd3 Rg1 36. g4 fxg4 37. hxg4 Kf6 38. g5+ Ke7 39. Rb6 Rc7 40. f5 d4 41. f6+ Kd7 42. Nc4 Rg2+ 43. Kc1 Rxg5 44. Rd6+ Ke8 45. Nb6 Ra7 46. Rc6 1-0


[Site "https://www.chess.com"]

[Event "Titled Tuesday Blitz February 07 Early 2023"]
[White "Aitbayev, Aslan"]
[Black "Adla, Diego"]
[WhiteFideId "13704613"]
[BlackFideId "100072"]
[WhiteElo "2427"]
[BlackElo "2383"]
[Result "1-0"]
[Round "05"]
[TimeControl "180+2"]
[Date "2023.02.07"]
[WhiteClock "0:00:15"]
[BlackClock "0:00:11"]

1. e4 e5 2. Nf3 Nc6 3. Bb5 Bc5 4. c3 Qf6 5. d4 Bb6 6. Bxc6 bxc6 7. Nxe5 Ne7 8. O-O O-O 9. Nd2 d5 10. Nd3 Ng6 11. e5 Qe7 12. a4 a5 13. b3 Re8 14. Ba3 Qh4 15. Qf3 Ba6 16. Rfe1 Bxd4 17. g3 Qh6 18. cxd4 Qxd2 19. Rad1 Qc3 20. Bc5 Qxb3 21. Re3 Bxd3 22. Rdxd3 Qxa4 23. h4 Nf8 24. Qg4 Ne6 25. Rc3 Qa1+ 26. Kg2 a4 27. Ba3 Ra6 28. h5 h6 29. Rf3 Qb1 30. Rcd3 Qe1 31. Qf5 Nd8 32. Qd7 Re6 33. Qxd8+ Kh7 34. Rxf7 Qe4+ 35. Rdf3 Qg4 36. Qd7 Ra8 37. Bf8 1-0


[Site "https://www.chess.com"]

[Event "Titled Tuesday Blitz February 07 Early 2023"]
[White "Murzin, Volodar"]
[Black "Lamaze, Simon"]
[WhiteFideId "44155573"]
[BlackFideId "36069264"]
[WhiteElo "2604"]
[BlackElo "2363"]
[Result "1-0"]
[Round "05"]
[TimeControl "180+2"]
[Date "2023.02.07"]
[WhiteClock "0:00:45"]
[BlackClock "0:00:12"]

1. e4 c5 2. Nf3 e6 3. g3 Nf6 4. Qe2 Nc6 5. Bg2 e5 6. O-O Be7 7. Nc3 d6 8. Nd5 O-O 9. c3 Be6 10. Ne1 Rb8 11. Nc2 b5 12. Nce3 Qd7 13. f4 exf4 14. gxf4 Bxd5 15. exd5 Na5 16. Qf3 c4 17. Bh3 Qb7 18. Nf5 Bd8 19. Bg2 Bb6+ 20. Kh1 Qd7 21. Qh3 g6 22. Nh6+ Kg7 23. f5 Rbe8 24. d4 cxd3 25. Bg5 Bd8 26. b3 Nb7 27. b4 d2 28. Bxd2 Re5 29. Ng4 Nxg4 30. Bh6+ Kg8 31. Qxg4 Rfe8 32. fxg6 Qxg4 33. gxf7+ Kh8 34. f8=Q+ Rxf8 35. Rxf8+ Qg8 36. Rxg8+ Kxg8 37. Bh3 Bf6 38. Be6+ Kh8 39. Rg1 1-0


[Site "https://www.chess.com"]

[Event "Titled Tuesday Blitz February 07 Early 2023"]
[White "Royal, Shreyas"]
[Black "Nguyen, Quoc Hy"]
[WhiteFideId "448869"]
[BlackFideId "12410853"]
[WhiteElo "2438"]
[BlackElo "2352"]
[Result "0-1"]
[Round "05"]
[TimeControl "180+2"]
[Date "2023.02.07"]
[WhiteClock "0:00:22"]
[BlackClock "0:00:22"]

1. e4 c5 2. Nf3 d6 3. d4 cxd4 4. Nxd4 Nf6 5. Nc3 a6 6. h3 e5 7. Nf3 Be7 8. Bc4 O-O 9. O-O Be6 10. Bxe6 fxe6 11. Be3 Nc6 12. Bg5 h6 13. Bh4 Qb6 14. Qd2 Nd4 15. Nxd4 Qxd4 16. Qe2 Qb4 17. Qd3 Rac8 18. Rab1 Rc4 19. Rfd1 Rd4 20. Qe3 Ng4 21. hxg4 Bxh4 22. g3 Bg5 23. Qe2 Rc8 24. Kg2 b5 25. f3 Qc4 26. Qxc4 Rcxc4 27. a3 a5 28. Kf1 b4 29. Nb5 Rxd1+ 30. Rxd1 Rxc2 31. axb4 Rxb2 32. Nxd6 axb4 33. Nc4 Rc2 34. Nxe5 b3 35. Nd3 b2 36. Rb1 Rc1+ 37. Nxc1 bxc1=Q+ 38. Rxc1 Bxc1 39. Ke2 Kf7 40. f4 Kf6 41. Kd3 g5 42. e5+ Kg6 43. Ke4 Bd2 44. f5+ Kf7 45. Kd4 Bc1 46. Kc5 Ba3+ 47. Kc6 Ke7 48. f6+ Kf7 49. Kd7 Bb2 50. Kd6 Ba1 0-1


[Site "https://www.chess.com"]

[Event "Titled Tuesday Blitz February 07 Early 2023"]
[White "Mastrovasilis, Athanasios"]
[Black "Sukandar, Irine Kharisma"]
[WhiteFideId "4201990"]
[BlackFideId "7101937"]
[WhiteElo "2497"]
[BlackElo "2390"]
[Result "1-0"]
[Round "05"]
[TimeControl "180+2"]
[Date "2023.02.07"]
[WhiteClock "0:00:15"]
[BlackClock "0:00:14"]

1. d4 Nf6 2. c4 c5 3. d5 b5 4. cxb5 a6 5. bxa6 g6 6. Nc3 Bg7 7. Nf3 Bxa6 8. e4 Bxf1 9. Kxf1 d6 10. g3 O-O 11. Kg2 Na6 12. Rb1 Qa5 13. Bd2 Rfb8 14. a4 Nc7 15. Re1 Qa6 16. b3 Ng4 17. h3 Ne5 18. Nxe5 Bxe5 19. Re3 Bd4 20. Rf3 Rb7 21. h4 Rab8 22. h5 c4 23. Ne2 Be5 24. b4 c3 25. Bxc3 Qc4 26. Bxe5 dxe5 27. b5 Qxe4 28. Nc3 Qc4 29. Qd3 Qg4 30. hxg6 hxg6 31. Rh1 Ne8 32. Rh4 Qd7 33. Qe3 Ng7 34. Qh6 f5 35. Qxg6 Rb6 36. Qh7+ Kf8 37. Rg4 e6 38. Qh8+ 1-0


[Site "https://www.chess.com"]

[Event "Titled Tuesday Blitz February 07 Early 2023"]
[White "Czopor, Maciej"]
[Black "Matinian, Nikita"]
[WhiteFideId "21805431"]
[BlackFideId "24129100"]
[WhiteElo "2385"]
[BlackElo "2407"]
[Result "1-0"]
[Round "05"]
[TimeControl "180+2"]
[Date "2023.02.07"]
[WhiteClock "0:00:04"]
[BlackClock "0:00:03"]

1. c4 e5 2. Nc3 Bb4 3. Nd5 a5 4. e3 d6 5. Qc2 Nf6 6. a3 Bc5 7. Nf3 c6 8. Nxf6+ Qxf6 9. b3 Bg4 10. Be2 Nd7 11. Bb2 Qg6 12. Qxg6 hxg6 13. d4 exd4 14. exd4 Bb6 15. h3 O-O-O 16. O-O-O Rde8 17. Rhe1 Bf5 18. Ng5 Re7 19. Bf3 Bd8 20. Ne4 Bxe4 21. Rxe4 Rxe4 22. Bxe4 Bf6 23. Bc3 Rh5 24. Bf3 Rf5 25. Re1 c5 26. Re8+ Kc7 27. Bxa5+ b6 28. Bd2 Bxd4 29. Ra8 Re5 30. Ra7+ Kd8 31. Bc6 Nf6 32. Bf4 Re6 33. Bd5 Nxd5 34. cxd5 Re2 35. Bxd6 Rxf2 36. Be7+ Kc8 37. d6 Be3+ 38. Kb1 Rd2 39. Rc7+ Kb8 40. Rc6 Kb7 41. Rc7+ Ka6 42. d7 Rd1+ 43. Kc2 Rd2+ 44. Kc3 Bf4 45. d8=Q Rxd8 46. Bxd8 Be5+ 47. Kc4 Bxc7 48. Bxc7 Kb7 49. Bf4 Kc6 50. a4 f6 51. h4 Kd7 52. Kd5 g5 53. hxg5 1-0


[Site "https://www.chess.com"]

[Event "Titled Tuesday Blitz February 07 Early 2023"]
[White "Moksh Amit Doshi"]
[Black "Csonka, Balazs"]
[WhiteFideId "25064967"]
[BlackFideId "742910"]
[WhiteElo "2401"]
[BlackElo "2496"]
[Result "1-0"]
[Round "05"]
[TimeControl "180+2"]
[Date "2023.02.07"]
[WhiteClock "0:01:04"]
[BlackClock "0:00:01"]

1. e4 c6 2. d4 d5 3. Nc3 dxe4 4. Nxe4 Bf5 5. Ng3 Bg6 6. h4 h6 7. Nf3 Nd7 8. h5 Bh7 9. Bd3 Bxd3 10. Qxd3 e6 11. Bd2 Ngf6 12. O-O-O Be7 13. Kb1 O-O 14. Ne4 Nxe4 15. Qxe4 Nf6 16. Qe2 Qd5 17. Ne5 Qe4 18. Be3 Nd5 19. Rh3 Rad8 20. Rg3 Kh8 21. Rg4 Qf5 22. Rh1 Bf6 23. Nd3 Nxe3 24. fxe3 e5 25. Rf1 Qxh5 26. Rxf6 gxf6 27. Rg8+ Rxg8 28. Qxh5 Rxg2 29. b3 Rg6 30. dxe5 Kg7 31. exf6+ Rxf6 32. Nf4 Re8 33. Qg4+ Kf8 34. Kb2 Ke7 35. Nh5 Re6 36. Qb4+ 1-0


[Site "https://www.chess.com"]

[Event "Titled Tuesday Blitz February 07 Early 2023"]
[White "Taspinar, Yanki"]
[Black "Mendez Fortes, Eduardo Jesus"]
[WhiteFideId "34561188"]
[BlackFideId "3502376"]
[WhiteElo "2262"]
[BlackElo "2250"]
[Result "1-0"]
[Round "05"]
[TimeControl "180+2"]
[Date "2023.02.07"]
[WhiteClock "0:00:16"]
[BlackClock "0:00:12"]

1. Nf3 d5 2. g3 Nf6 3. Bg2 e6 4. O-O c5 5. c4 d4 6. d3 Nc6 7. e3 Bd6 8. Re1 O-O 9. exd4 cxd4 10. a3 a5 11. Bg5 h6 12. Bxf6 Qxf6 13. Nbd2 Qd8 14. Rc1 Re8 15. c5 Bf8 16. Qa4 Ra7 17. Ne4 e5 18. Nfd2 Bd7 19. Nc4 Re6 20. Bh3 Ne7 21. Qb3 a4 22. Qa2 Ng6 23. Nb6 Ra6 24. Nxd7 Qxd7 25. c6 bxc6 26. Bxe6 fxe6 27. Rc4 Qb7 28. Rec1 Rb6 29. R1c2 Qa6 30. Qb1 Ne7 31. Nc5 Qc8 32. Nxa4 Ra6 33. Nc5 Rb6 34. Qd1 Nd5 35. Ne4 Qb8 36. Qg4 Qe8 37. h4 Kh8 38. h5 Rb3 39. Qe2 Rb6 40. b4 Qb8 41. Rxc6 Be7 42. Rc8+ Kh7 43. Rxb8 Rxb8 44. Qg4 Rb6 45. Qg6+ Kg8 46. Rc8+ Bf8 47. Ng5 e4 48. Qh7# 1-0


[Site "https://www.chess.com"]

[Event "Titled Tuesday Blitz February 07 Early 2023"]
[White "Darini, Pouria"]
[Black "Bagwe Gaurang"]
[WhiteFideId "12502200"]
[BlackFideId "45039895"]
[WhiteElo "2401"]
[BlackElo "2067"]
[Result "1-0"]
[Round "05"]
[TimeControl "180+2"]
[Date "2023.02.07"]
[WhiteClock "0:00:15"]
[BlackClock "0:00:02"]

1. d4 d5 2. c4 e6 3. Nf3 Nf6 4. g3 c6 5. Bg2 Nbd7 6. O-O Bd6 7. Nc3 O-O 8. Nd2 dxc4 9. Nxc4 Bc7 10. Bf4 Bxf4 11. gxf4 Nd5 12. e3 b5 13. Ne5 Bb7 14. Ne4 a5 15. Rc1 Rc8 16. Nd6 Rc7 17. Nxb7 Rxb7 18. Nxc6 Qh4 19. Nxa5 Ra7 20. Nc6 Rxa2 21. Qb3 Ra6 22. Bxd5 exd5 23. Qxd5 Nb6 24. Qg5 Qh3 25. b3 Nc4 26. Ne7+ Kh8 27. bxc4 Rh6 28. Qg2 Qe6 29. cxb5 Qxe7 30. Rc6 Rg8 31. Rfc1 Qb7 32. R6c5 Qe7 33. Kh1 g6 34. Qg5 Qf8 35. Qe5+ f6 36. Qe6 g5 37. f5 Qa8+ 38. d5 Qb8 39. d6 Qb7+ 40. e4 Rh4 41. f3 Rh6 42. Qxg8+ Kxg8 43. Rc8+ Kf7 44. R8c7+ Qxc7 45. dxc7 Ke8 46. c8=Q+ 1-0


[Site "https://www.chess.com"]

[Event "Titled Tuesday Blitz February 07 Early 2023"]
[White "Leenhouts, Koen"]
[Black "Chernobay, Artem"]
[WhiteFideId "1008439"]
[BlackFideId "4167406"]
[WhiteElo "2447"]
[BlackElo "2484"]
[Result "1/2-1/2"]
[Round "05"]
[TimeControl "180+2"]
[Date "2023.02.07"]
[WhiteClock "0:00:07"]
[BlackClock "0:00:02"]

1. d4 Nf6 2. c4 c5 3. d5 b5 4. cxb5 a6 5. bxa6 g6 6. Nc3 Bg7 7. e4 d6 8. Nf3 O-O 9. Be2 Bxa6 10. O-O Qb6 11. Rb1 Nbd7 12. b3 Rfb8 13. a4 Ne8 14. Bd2 Nc7 15. Re1 Bxe2 16. Qxe2 Qa6 17. Qe3 Rb7 18. Qg5 Bf6 19. Qg4 Ne5 20. Nxe5 Bxe5 21. f4 Bd4+ 22. Kh1 Rab8 23. Ne2 Bg7 24. e5 Nxd5 25. Nc3 Nb4 26. Nb5 Nd3 27. Rf1 dxe5 28. fxe5 Nxe5 29. Qg3 Rd8 30. Bc3 Rd3 31. Qf2 e6 32. Qe2 Rxc3 33. Nxc3 Qa5 34. Ne4 h5 35. Nf6+ Bxf6 36. Rxf6 Ng4 37. Rf4 Rd7 38. Rbf1 Qc7 39. h3 g5 40. Rxg4 hxg4 41. Qxg4 Qe5 42. a5 Ra7 43. Qd1 Qd4 44. Qh5 Qd5 45. a6 Qe5 46. Rd1 Kg7 47. Rd8 Qe1+ 48. Kh2 Qe5+ 49. Kh1 Qe1+ 50. Kh2 Qe5+ 51. g3 Qb2+ 52. Kg1 Qc1+ 53. Kg2 Qc2+ 54. Kg1 Qc1+ 55. Kg2 Qc2+ 56. Kg1 Qc1+ 1/2-1/2


[Site "https://www.chess.com"]

[Event "Titled Tuesday Blitz February 07 Early 2023"]
[White "Skvortsov, Andrei"]
[Black "Antonios, Johnny"]
[WhiteFideId "24108600"]
[BlackFideId "5300843"]
[WhiteElo "2313"]
[BlackElo "2269"]
[Result "0-1"]
[Round "05"]
[TimeControl "180+2"]
[Date "2023.02.07"]
[WhiteClock "0:00:51"]
[BlackClock "0:01:03"]

1. f4 d5 2. Nf3 g6 3. g3 Bg7 4. Bg2 c5 5. O-O Nc6 6. d3 d4 7. a4 Nh6 8. Na3 Nf5 9. Nc4 h5 10. Qe1 Qc7 11. e4 dxe3 12. Nxe3 Nxe3 13. Qxe3 Nd4 14. Qf2 Bg4 15. Be3 Nxf3+ 16. Bxf3 Bxf3 17. Qxf3 e6 18. Rab1 O-O 19. b3 b6 20. Kg2 Rad8 21. Rbe1 Rd5 22. Bf2 Rfd8 23. Re4 Bd4 24. Be1 e5 25. f5 R5d6 26. Bd2 a6 27. Bg5 f6 28. Bc1 gxf5 29. Qxf5 Qh7 30. Rh4 Qxf5 31. Rxf5 Kg7 32. Rfxh5 Kf7 33. Rh7+ Ke6 34. Rb7 R8d7 35. Rh7 Rxh7 36. Rxh7 b5 37. axb5 axb5 38. Rb7 Ra6 39. c3 Ra2+ 40. Kh3 Bxc3 41. Rxb5 Bd4 42. g4 Rc2 43. Bh6 Rc3 44. Kg2 Rxd3 45. h4 e4 46. Rb8 Be5 47. h5 Bxb8 0-1


[Site "https://www.chess.com"]

[Event "Titled Tuesday Blitz February 07 Early 2023"]
[White "Manukian, Artak"]
[Black "Akobian, Varuzhan"]
[WhiteFideId "13301373"]
[BlackFideId "13300580"]
[WhiteElo "2196"]
[BlackElo "2591"]
[Result "0-1"]
[Round "05"]
[TimeControl "180+2"]
[Date "2023.02.07"]
[WhiteClock "0:00:05"]
[BlackClock "0:00:10"]

1. e4 e6 2. d4 d5 3. e5 c5 4. c3 Qb6 5. Nf3 Nc6 6. a3 c4 7. Nbd2 Na5 8. Rb1 Bd7 9. g3 Ne7 10. Bh3 Qc7 11. O-O Nc8 12. Re1 Be7 13. Nf1 Nb6 14. Bg5 Ba4 15. Qe2 h6 16. Bxe7 Qxe7 17. Ne3 O-O-O 18. Nd2 Kb8 19. f4 g6 20. Bg4 Nb3 21. Nxb3 Bxb3 22. h4 h5 23. Bf3 Na4 24. Qd2 Rd7 25. Re2 Rc8 26. Rf1 Rh8 27. Rh2 Qd8 28. Ng2 Nb6 29. Ne1 Nc8 30. Bg2 Ne7 31. Bh3 Rc7 32. Nf3 Rc6 33. Ng5 Rf8 34. Nh7 Rh8 35. Ng5 Qe8 36. Kf2 Rb6 37. Ke3 Ba4 38. Rfh1 Nf5+ 39. Bxf5 gxf5 40. Kf2 Qg8 41. Kg1 Qg6 42. Re2 Rc8 43. Rhh2 Rb5 44. Qc1 Rc6 45. Rd2 Rcb6 46. Rhf2 Rb3 47. Rfe2 Be8 48. Kf2 Qg8 49. Kg2 Qf8 50. Kf2 Qe7 51. Qd1 Qf8 52. Qc1 Ra6 53. Kg2 b5 54. Rf2 Rb6 55. Rde2 a5 56. Re3 b4 57. cxb4 Rxe3 58. Qxe3 axb4 59. axb4 Rxb4 60. Qf3 Rb3 61. Qxh5 f6 62. Qh6 fxg5 63. Qxe6 gxh4 64. Rf3 h3+ 65. Kf2 Rxb2+ 66. Ke3 Qa3# 0-1


[Site "https://www.chess.com"]

[Event "Titled Tuesday Blitz February 07 Early 2023"]
[White "Jimenez, Joaquin"]
[Black "Dong, Bao Nghia"]
[WhiteFideId "109860"]
[BlackFideId "12400343"]
[WhiteElo "2195"]
[BlackElo "2332"]
[Result "0-1"]
[Round "05"]
[TimeControl "180+2"]
[Date "2023.02.07"]
[WhiteClock "0:00:04"]
[BlackClock "0:00:51"]

1. c4 e6 2. Nf3 d5 3. g3 g6 4. Bg2 Bg7 5. O-O Ne7 6. d4 O-O 7. Nc3 Nbc6 8. Bg5 f6 9. cxd5 exd5 10. Bf4 g5 11. Bc1 Nf5 12. e3 Nce7 13. b3 c6 14. Ba3 Re8 15. Na4 Nd6 16. Rc1 Nef5 17. Bb2 h5 18. Nc5 g4 19. Nd2 Bh6 20. Nd3 Be6 21. Ba3 Bf7 22. Bxd6 Qxd6 23. Nc5 Re7 24. Qc2 Bg6 25. Qc3 h4 26. e4 Ng7 27. Rfe1 Rae8 28. e5 fxe5 29. dxe5 Rxe5 30. Rxe5 Qxe5 31. Qxe5 Rxe5 32. f4 Re2 33. Rd1 Bc2 34. Bf1 Bxd1 35. Bxe2 Bxe2 36. Nxb7 hxg3 37. hxg3 Nf5 38. Kf2 Bd1 39. Nd8 Ne7 40. Nf1 Bf3 41. Nh2 Bd1 42. Ke1 Bf3 43. Kf2 Be4 44. Nxg4 Bg7 45. Ne6 Bc3 46. Ne3 d4 47. Nc4 Bd5 48. Ng5 Nf5 49. g4 Bxc4 50. gxf5 Bd3 51. Ne6 Bxf5 52. Nd8 Be4 53. Ne6 d3 54. Ng5 d2 55. Ke2 Bc2 0-1


[Site "https://www.chess.com"]

[Event "Titled Tuesday Blitz February 07 Early 2023"]
[White "Abdilkhair, Abilmansur"]
[Black "Belozerov, Andrei"]
[WhiteFideId "13716417"]
[BlackFideId "4120213"]
[WhiteElo "2268"]
[BlackElo "2461"]
[Result "0-1"]
[Round "05"]
[TimeControl "180+2"]
[Date "2023.02.07"]
[WhiteClock "0:00:08"]
[BlackClock "0:00:20"]

1. d4 d5 2. c4 e6 3. Nf3 Nf6 4. Nc3 c6 5. cxd5 exd5 6. Bg5 Be7 7. e3 Bf5 8. Qb3 Qb6 9. Bxf6 Bxf6 10. Na4 Qxb3 11. axb3 Nd7 12. Be2 Be7 13. O-O O-O 14. Rfc1 Rfe8 15. Ne1 Bb4 16. Bd3 Bg6 17. Bxg6 hxg6 18. Nd3 Bd6 19. b4 Re7 20. Nac5 Nf6 21. Ra4 a6 22. g3 Rae8 23. Rc2 g5 24. h3 g4 25. hxg4 Nxg4 26. Ra1 g6 27. Re1 Kg7 28. Rce2 g5 29. Kg2 f5 30. Rh1 Kg6 31. Ree1 Rf8 32. Kf3 Nf6 33. Kg2 Ne4 34. Rh2 Bxc5 35. bxc5 Nf6 36. Ne5+ Kg7 37. Reh1 Rfe8 38. Rh6 Rxe5 39. dxe5 Rxe5 40. R6h2 Re4 41. Rc1 Rb4 42. Rc2 Rb3 43. Kf3 d4 44. Rh1 dxe3 45. fxe3 Nd5 46. Re1 g4+ 47. Kf2 Nf6 48. Rd1 Ne4+ 49. Kg2 Rxe3 50. Rd7+ Kf6 51. Rxb7 Rxg3+ 52. Kh2 Rh3+ 53. Kg2 f4 54. Rb6 f3+ 55. Kg1 g3 56. Rxc6+ Ke5 57. Rg6 f2+ 58. Kg2 Rh2+ 59. Kf1 Rh1+ 60. Ke2 f1=Q+ 61. Ke3 Qf4+ 62. Kd3 Rd1+ 63. Ke2 Qf1+ 0-1


[Site "https://www.chess.com"]